 Dungeon Crawl Stone Soup version 0.20-a0-629-gc37eb77 (webtiles) character file.

44 Messajah the Slasher (level 3, 29/29 HPs)
             Began as a Formicid Fighter on Feb 4, 2017.
             Quit the game on level 2 of the Dungeon on Feb 10, 2017.
             The game lasted 00:05:36 (924 turns).

Messajah the Slasher (Formicid Fighter)              Turns: 924, Time: 00:05:37

Health: 29/29      AC:  6    Str: 20    XL:     3   Next: 87%
Magic:  3/3        EV:  9    Int:  7    God:
Gold:   96         SH:  0    Dex: 11    Spells: 2/2 levels left

rFire    . . .     SeeInvis +   a - +0 long sword
rCold    . . .     Gourm    .   b - +0 scale mail
rNeg     . . .     Faith    .   (no shield)
rPois    .         Spirit   .   (helmet unavailable)
rElec    .         Reflect  .   (no cloak)
rCorr    .         Harm     .   (no gloves)
MR       .....                  (no boots)
Stlth    ..........             (no amulet)
Regen    0.1/turn               (no ring)
                                i - ring of wizardry

@: no status effects
A: permanent stasis, dig shafts and tunnels, four strong arms, antennae 3
a: Dig, Shaft Self


You were on level 2 of the Dungeon.
You were not hungry.

You visited 1 branch of the dungeon, and saw 2 of its levels.

You collected 96 gold pieces.

Inventory:

Hand Weapons
 a - a +0 long sword (weapon)
Missiles
 h - 10 arrows
Armour
 b - a +0 scale mail (worn)
 c - a +0 shield
Jewellery
 i - a ring of wizardry (left hand)
Scrolls
 e - 3 scrolls of teleportation {unknown}
 j - 2 scrolls of enchant armour {unknown}
 o - 3 scrolls of remove curse {unknown}
Potions
 d - a potion of might
 m - a potion of heal wounds {unknown}
 n - a potion of brilliance {unknown}
Comestibles
 f - 3 bread rations
 g - a meat ration
 k - 3 chunks of flesh
 l - a fruit


   Skills:
 - Level 3.2 Fighting
 + Level 3.9 Long Blades
 - Level 3.2 Armour
 - Level 3.6 Shields


You had 2 spell levels left.
You didn't know any spells.

Dungeon Overview and Level Annotations

Branches:
Dungeon (2/15)

Altars:


Innate Abilities, Weirdness & Mutations

You cannot be hasted, slowed, berserked, paralysed or teleported.
You can dig through walls and to a lower floor.
Your four strong arms can wield two-handed weapons with a shield.
You have a pair of large antennae on your head. (SInv)


Message History

You butcher the hobgoblin corpse.
k - 9 chunks of flesh (gained 2)
You see here a club.
You now have 96 gold pieces (gained 5).
Found 22 stones.
Welcome back, Messajah the Formicid Fighter.
Press ? for a list of commands and other information.
You see here 22 stones.
A bat comes into view.
The bat hits you but does no damage.
Found 3 gold pieces.
The bat barely misses you.
You riposte.
You hit the bat.
You kill the bat!
Found a glowing chain mail.
Welcome back, Messajah the Formicid Fighter.
Press ? for a list of commands and other information.
Quiver which item? (- for none, * to show all) (? for menu, Esc to quit)
Okay, then.
Are you sure you want to abandon this character and quit the game? (Confirm with "yes".)

## .#### #.
###...# #.#
..[..##..
#...#.#
##@#.# {
#....##.#
#.......#
#...#####
#...# #...#
#...######.
#..........
#.#.#######


There were no monsters in sight!

Vanquished Creatures
  An ooze (D:1)
  2 dart slugs (D:1)
  2 leopard geckos (D:1)
  2 giant cockroaches (D:1)
  2 goblins (D:1)
  4 hobgoblins
  2 jackals (D:1)
  A quokka (D:2)
  4 bats
  2 frilled lizards
  4 kobolds (D:1)
  6 rats (D:1)
32 creatures vanquished.

Vanquished Creatures (others)
  7 toadstools (D:1)
7 creatures vanquished.

Grand Total: 39 creatures vanquished

Notes
Turn   | Place    | Note
-------+----------+-------------------------------------------
     0 | D:1      | Messajah the Formicid Fighter began the quest for the Orb.
     0 | D:1      | Reached XP level 1. HP: 18/18 MP: 1/1
   129 | D:1      | Reached XP level 2. HP: 20/24 MP: 2/2
   397 | D:1      | Reached XP level 3. HP: 25/29 MP: 3/3
   890 | D:2      | Upgraded the game from 0.20-a0-556-g892c87b to 0.20-a0-622-g01f5896
   923 | D:2      | Upgraded the game from 0.20-a0-622-g01f5896 to 0.20-a0-629-gc37eb77
   924 | D:2      | Quit the game

Vault maps used:
D:1:      nagdon_arrival_double_spiral
D:2:      lemuel_round_altar, uniq_terence

Skill      XL: |  1  2 |
---------------+-------+-----
Long Blades    | 3 |  3.9
Fighting       | |  3.2
Armour         | |  3.2
Shields        | |  3.6

Action                   || total
-------------------------++-------
Melee: Long sword        ||   107
Armor: Scale mail        ||    53
Dodge: Dodged            ||    66
Block: Shield            ||    18
       Rpst.: Long sword ||    19
